 Dungeon Crawl Stone Soup version 0.28.0-62-gf88900778d (webtiles) character file.

Game seed: 10333761023968718238

28 Coron the Sneak (level 2, -2/28 HPs)
             Began as a Deep Dwarf Delver on Mar 30, 2023.
             Killed from afar by an orc wizard (10 damage)
             ... with a puff of flame
             ... on level 5 of the Dungeon.
             The game lasted 00:00:31 (90 turns).

Coron the Sneak (Deep Dwarf Delver)                   Turns: 90, Time: 00:00:32

Health: -2/28      AC:  3    Str: 15    XL:     2   Next: 96%
Magic:  2/2        EV: 12    Int: 10    God:
Gold:   0          SH:  0    Dex: 14    Spells: 1/1 levels left

rFire   . . .      SeeInvis .   h - +0 war axe
rCold   . . .      Faith    .   (no shield)
rNeg    . . .      Spirit   .   b - +0 leather armour
rPois   .          Reflect  .   (no helmet)
rElec   .          Harm     .   (no cloak)
rCorr   .          Rampage  .   (no gloves)
Will    .....                   (no boots)
Stlth   +++.......              (no amulet)
HPRegen 0.00/turn               (no ring)
MPRegen 0.08/turn               (no ring)

@: no status effects
A: damage resistance, heal wounds, sense surroundings 1, no regeneration
a: Heal Wounds


You were on level 5 of the Dungeon.
You visited 1 branch of the dungeon, and saw 1 of its levels.

Inventory:

Hand Weapons
 a - a +0 hand axe
 h - a +0 war axe (weapon)
Armour
 b - a +0 leather armour (worn)
Wands
 g - a wand of digging (3)
Scrolls
 c - a scroll of fog
 d - a scroll of magic mapping
 e - a scroll of fear
Potions
 f - a potion of haste
 i - a potion of magic {unknown}


   Skills:
 - Level 3.0 Fighting
 + Level 2.8 Axes
 + Level 1.8 Armour
 - Level 2.1 Dodging
 - Level 6.0 Stealth


You had one spell level left.
You didn't know any spells.
Your spell library was empty.

Dungeon Overview and Level Annotations

Branches:
Dungeon (5/15)
 Temple: D:4-7

Altars:
Uskayaw


Innate Abilities, Weirdness & Mutations

You are resistant to damage.
You can heal yourself by infusing magical energy.
You passively map a small area around you.
You do not regenerate.


Message History

Training target 3.0 for Fighting reached!
Your Fighting skill increases to level 3!
Your Armour skill increases to level 1!
You have reached level 2!
You hit the hound.
The hound is lightly wounded.
The hound bites you. The hound closely misses you.
You closely miss the hound.
The hound is lightly wounded.
The hound stops to sniff the ground.
The hound bites you but does no damage. The hound barely misses you.
You barely miss the hound. You punch the hound.
The hound is moderately wounded.
The hound closely misses you. The hound barely misses you.
You barely miss the hound.
The hound is moderately wounded.
The hound bites you. The hound misses you.
You barely miss the hound.
The hound is moderately wounded.
The hound closely misses you. The hound misses you.
You barely miss the hound.
The hound is moderately wounded.
The hound bites you. The hound barely misses you.
You slash the hound!
The hound is severely wounded.
The hound bites you. The hound barely misses you. The hound bites you.
You barely miss the hound. You punch the hound.
The hound is almost dead.
The hound barely misses you.
You barely miss the hound.
The hound is almost dead.
The hound bites you but does no damage. The hound bites you.
* * * LOW HITPOINT WARNING * * *
The hound bites you.
You slash the hound!
You kill the hound!
You hear some strange, mumbled words.
A puff of flame appears from out of thin air!
The puff of flame hits you!
You die...

* ####### ,* * , #.....#
####.....# * *,, ........# *
* * * * #.....# * * #.>...#
* ###.### *, #.######### #.#
, # #....@.{..## #.# *##.
#######.#..#####.###
.##...#########.......[....#
.h....h..........####.####.#
...o.o#########..##.....##.#
..h.. , #..#.......#.# ,.#.#
#..#.......#.# *# ,*
#......_.....# * * ,
##.#.......#.#


There were no monsters in sight!

Vanquished Creatures
  2 hounds (D:5)
2 creatures vanquished.

Notes
Turn   | Place    | Note
-------+----------+-------------------------------------------
     0 | D:5      | Coron the Deep Dwarf Delver began the quest for the Orb.
     0 | D:5      | Reached XP level 1. HP: 20/20 MP: 1/1
    11 | D:5      | Found a hide-covered altar of Uskayaw.
    36 | D:5      | Noticed a water moccasin
    55 | D:5      | Noticed an orc wizard
    55 | D:5      | Noticed an orc wizard
    56 | D:5      | Noticed a hound
    58 | D:5      | Noticed a hound
    80 | D:5      | Killed a hound
    81 | D:5      | Reached skill level 1 in Armour
    81 | D:5      | Reached XP level 2. HP: 15/28 MP: 2/2
    90 | D:5      | Killed from afar by an orc wizard

Illustrated notes

Levels and vault maps discovered:
D:5:      layout_loops_ring, zin_statuary, old_standard_altar,
          hangedman_decor_growths, uniq_ijyb

Skill      XL: |  1 |
---------------+----+-----
Fighting       | 3 |  3.0
Armour         | 1 |  1.8
Axes           | |  2.8
Dodging        | |  2.1
Stealth        | |  6.0

Action                   || total
-------------------------++-------
Melee: War axe           ||    23
       Punch             ||     2
Armor: Leather armour    ||     4
Dodge: Dodged            ||    27
